 Dungeon Crawl Stone Soup version 0.31.0-11-ge490571c62 (webtiles) character file.

Game seed: 2593065756182391548

249 qw the Shooter (level 5, 0/26 HPs)
             Began as a Spriggan Hunter on Feb 4, 2024.
             Slain by Grinder (7 damage)
             ... on level 3 of the Dungeon.
             The game lasted 00:00:07 (1662 turns).

qw the Shooter (Spriggan Hunter)                    Turns: 1662, Time: 00:00:08

Health: 0/26       AC:  2    Str:  7    XL:     5   Next: 86%
Magic:  6/6        EV: 20    Int: 11    God:
Gold:   835        SH:  0    Dex: 20    Spells: 4/4 levels left

rFire   . . .        a - +1 shortbow
rCold   . . .        (shield currently unavailable)
rNeg    . . .        c - +0 robe
rPois   .            (helmet restricted)
rElec   .            (no cloak)
rCorr   .            (gloves unavailable)
SInv    +            (boots unavailable)
Will    .....        d - amulet of regeneration
Stlth   ++           (no ring)
HPRegen 1.04/turn    (no ring)
MPRegen 0.10/turn

%: no passive effects
@: very quick
A: very small, no large weapons, unfitting armour, see invisible, speed 3
a: no special abilities


You were on level 3 of the Dungeon.
You visited 1 branch of the dungeon, and saw 3 of its levels.

You collected 835 gold pieces.


Innate Abilities, Weirdness & Mutations

You are very small and have problems with some larger weapons.
You are too small for most types of armour.
You have supernaturally acute eyesight. (SInv)
You cover ground extremely quickly. (Speed+++)


   Skills:
 - Level 2.2 Fighting
 + Level 5.8 Ranged Weapons
 - Level 5.3 Dodging
 - Level 1.5 Stealth


You had 4 spell levels left.
You didn't know any spells.
Your spell library was empty.

Inventory:

Hand Weapons
 a - a +1 shortbow (weapon)
Armour
 c - a +0 robe (worn)
Jewellery
 d - an amulet of regeneration (around neck)
Scrolls
 e - a scroll of identify {unknown}
Potions
 b - a potion of haste {unknown}
 f - a potion of lignification {unknown}
 g - a potion of enlightenment
 h - a potion of heal wounds {unknown}

Dungeon Overview and Level Annotations

Branches:
Dungeon (3/15)

Altars:
Dithmenos

Annotations:
D:3 Grinder


Message History

The arrow hits Grinder.
Grinder is lightly wounded.
You shoot an arrow. The arrow hits Grinder.
Grinder is moderately wounded.
Grinder gestures at you.
You suddenly lose the ability to move!
Grinder gestures at you.
You shrug off the repeated paralysis!
You can move again.
You shoot an arrow. The arrow closely misses Grinder.
You shoot an arrow. The arrow hits Grinder!
Grinder is heavily wounded.
Grinder hits you.
You writhe in agony.
You shoot an arrow.
The arrow hits Grinder but does no damage.
Grinder is heavily wounded.
Grinder completely misses you.
You shoot an arrow. The arrow closely misses Grinder.
Grinder says, "There's only one good use for a tongue: cutting it out."
Grinder misses you.
You shoot an arrow. The arrow closely misses Grinder.
The frilled lizard bites you but does no damage.
Grinder hits you!
You writhe in agony.
You shoot an arrow. The arrow hits Grinder.
Grinder is heavily wounded.
Grinder blinks!
The frilled lizard misses you.
You shoot an arrow.
The arrow barely misses the frilled lizard.
The frilled lizard misses you.
You shoot an arrow. The arrow hits the frilled lizard.
You kill the frilled lizard!
You shoot an arrow. The arrow hits Grinder.
Grinder is severely wounded.
Grinder gestures at you. Pain shoots through your body!
Ouch! That really hurt!
You shoot an arrow. The arrow barely misses Grinder.
Grinder hits you!
You die...
Grinder sighs, "Dead already?
I want a refund."

.....# ##.... .....
#...# #...#
..####...# .....$5%.#
###@.# #....########
##.#........# #####
...#.######.###...##
.8####.#
####.##.....#
#.##[.#.#
#...........# #
....#.###.##)##.....#
#.......##)###...##
#.....####%# ##.##


You could see Grinder.

Vanquished Creatures
  A bombardier beetle (D:3)
  An orc priest (D:3)
  7 gnolls (D:3)
  3 adders
  A shadow imp (D:3)
  2 dart slugs
  2 ribbon worms (D:3)
  5 orcs (D:3)
  9 ball pythons
  6 bats
  8 endoplasms
  2 giant cockroaches
  2 goblins
  9 hobgoblins
  4 quokkas
  A frilled lizard (D:3)
  3 kobolds
  2 rats (D:1)
68 creatures vanquished.

Notes
Turn   | Place    | Note
-------+----------+-------------------------------------------
     0 | D:1      | qw the Spriggan Hunter began the quest for the Orb.
     0 | D:1      | Reached XP level 1. HP: 10/10 MP: 2/2
     0 | D:1      | 0 ||| qw: Version: 0.3-a-160-g6735b56
     0 | D:1      | 0 ||| qw: Game counter: 4380
     0 | D:1      | 0 ||| qw: Melee chars always use a shield: true
     0 | D:1      | 0 ||| qw: God list: Okawaru
     0 | D:1      | 0 ||| qw: Allow faded altars: false
     0 | D:1      | 0 ||| qw: Do Orc after clearing Dungeon:15 true
     0 | D:1      | 0 ||| qw: Do second Lair branch before Depths: true
     0 | D:1      | 0 ||| qw: Lair rune preference: random
     0 | D:1      | 0 ||| qw: Goals: Normal
     0 | D:1      | 0 ||| PLANNING D:1-11
    90 | D:1      | Reached skill level 3 in Dodging
   133 | D:1      | Found a faded altar of an unknown god.
   139 | D:1      | Reached XP level 2. HP: 14/14 MP: 3/3
   437 | D:1      | HP: 3/14 [quokka (4)]
   502 | D:1      | You fall into a shaft and drop 1 floor!
   514 | D:2      | Found a shadowy altar of Dithmenos.
   515 | D:2      | 515 ||| READING scroll labelled NOALAKHIPO.
   515 | D:2      | 515 ||| ENCHANTING +0 shortbow.
   516 | D:2      | 516 ||| READING scroll labelled QEOMUNE UDIMA.
   517 | D:2      | 517 ||| DROPPING scroll of butterflies.
   813 | D:2      | Reached XP level 3. HP: 18/18 MP: 4/4
   999 | D:2      | 999 ||| FLEEEEING.
  1000 | D:2      | 1000 ||| FLEEEEING.
  1002 | D:2      | 1002 ||| FLEEEEING.
  1026 | D:2      | Reached XP level 4. HP: 22/22 MP: 5/5
  1253 | D:2      | Identified the +5 mace "Gaofafy" {speed, Will++ Int-5}
  1289 | D:2      | 1289 ||| UPGRADING to amulet of regeneration.
  1294 | D:2      | 1294 ||| READING scroll labelled WATHRI FUOPSECE.
  1294 | D:2      | Identified a scroll of acquirement
  1294 | D:2      | 1294 ||| ACQUIRING 733 gold pieces
  1294 | D:2      | Acquired 733 gold pieces
  1296 | D:2      | 1296 ||| DRINKING 2 fizzy white potions.
  1492 | D:3      | Reached XP level 5. HP: 26/26 MP: 6/6
  1646 | D:3      | Noticed Grinder
  1651 | D:3      | Paralysed by Grinder for 2 turns
  1661 | D:3      | HP: 6/26 [Grinder/nerve-wracking pain (13)]
  1662 | D:3      | Slain by Grinder

Levels and vault maps discovered:
D:1:      dpeg_arrival_shrine, layout_loops_ring,
          nicolae_ecumenical_snake_handling
D:2:      layout_basic, basic_altar, minmay_three_crescents
D:3:      layout_loops_corners, nicolae_gozag_zags_fifth_avenue,
          dreamdust_princess_corridor, small_statue_intersection, uniq_grinder

Skill      XL: |  1  2  3  4 |
---------------+-------------+-----
Dodging        | 3 4 5 |  5.3
Ranged Weapons | 5 |  5.8
Fighting       | 2 |  2.2
Stealth        | |  1.5

Action                     |  1- 3 |  4- 6 || total
---------------------------+-------+-------++-------
   Fire: Shortbow          |    99 |   107 ||   206
    Use: Scroll            |     2 |     1 ||     3
         Potion            |       |     1 ||     1
 Armour: Robe              |    10 |    13 ||    23
  Dodge: Dodged            |    28 |    35 ||    63

Table legend:
 A = Non-vault XP
 B = Vault XP
 C = Vault XP percentage of total XP
 D = Non-vault monster count
 E = Vault monster count
 F = Vault count percentage of total count
                 A         B        C        D         E       F
            +---------+---------+-------+---------+---------+-------
      Total |     339 |      17 |   4.8 |      59 |       9 |  13.2
            +---------+---------+-------+---------+---------+-------
        D:1 |      30 |       6 |  16.7 |      16 |       3 |  15.8
        D:2 |      61 |      11 |  15.3 |      19 |       6 |  24.0
        D:3 |     248 |       0 |   0.0 |      24 |       0 |   0.0
            +---------+---------+-------+---------+---------+-------
